 Dungeon Crawl Stone Soup version 0.26-a0-649-gf8c6c3aab7 (webtiles) character file.

Game seed: 15917687995702156777

2 DogServant the Conjurer (level 1, -1/14 HPs)
             Began as a Draconian Conjurer on Sept 27, 2020.
             Slain by a kobold
             ... wielding a +0 short sword
              (2 damage)
             ... on level 1 of the Dungeon.
             The game lasted 00:00:20 (78 turns).

DogServant the Conjurer (Draconian Conjurer)          Turns: 78, Time: 00:00:21

Health: -1/14      AC:  4    Str:  9    XL:     1   Next: 25%
Magic:  0/3        EV: 12    Int: 18    God:
Gold:   10         SH:  0    Dex:  9    Spells: 3/4 levels left

rFire    . . .     SeeInvis .   (no weapon)
rCold    . . .     Faith    .   (no shield)
rNeg     . . .     Spirit   .   (armour unavailable)
rPois    .         Reflect  .   (helmet restricted)
rElec    .         Harm     .   (no cloak)
rCorr    .         Rampage  .   (no gloves)
MR       .....                  (no boots)
Stlth    ++........             (no amulet)
HPRegen  0.04/turn              (no ring)
MPRegen  0.08/turn              (no ring)

@: no status effects
A: unfitting armour, cold-blooded, AC +4
a: no special abilities


You were on level 1 of the Dungeon.
You visited 1 branch of the dungeon, and saw 1 of its levels.

You collected 10 gold pieces.

You aren't carrying anything.


   Skills:
 + Level 0.2 Fighting
 - Level 1.7 Dodging
 - Level 1.7 Stealth
 + Level 2.0 Spellcasting
 + Level 4.0 Conjurations


You had 3 spell levels left.
You knew the following spells:

 Your Spells              Type           Power        Failure   Level
a - Magic Dart            Conj           ###.         3%          1

Your spell library contained the following spells:

 Spells                   Type           Power        Failure   Level
 Searing Ray              Conj           ###...       5%          2
 Dazzling Flash           Conj/Hex       #.....       24%         3
 Fulminant Prism          Conj/Hex       #.........   61%         4
 Iskenderun's Mystic Bla  Conj/Tloc      #.......     61%         4


Dungeon Overview and Level Annotations

Branches:
Dungeon (1/15)

Altars:


Innate Abilities, Weirdness & Mutations

Your plain brown scales are hard. (AC +4)
You cannot fit into any form of body armour.
You are cold-blooded and may be slowed by cold attacks.


Message History

Unknown command.
Your magical contamination has completely faded away.
Casting: Magic Dart (safe; 3% risk of failure)
Confirm with . or Enter, or press ? or * to list all spells.
Aiming: Magic Dart (safe; 3% risk of failure)
Press: ? - help, Shift-Dir - straight line, f/p - hobgoblin
Aim: a hobgoblin (heavily wounded)
The magic dart hits the hobgoblin.
The hobgoblin is almost dead.
The hobgoblin closely misses you.
You hit the hobgoblin but do no damage. You tail-slap the hobgoblin.
You kill the hobgoblin!
You hit the kobold but do no damage. The kobold closely misses you.
You closely miss the kobold.
The kobold hits you with a +0 short sword.
* * * LOW HITPOINT WARNING * * *
You closely miss the kobold. The kobold completely misses you.
You hit the kobold but do no damage.
The kobold hits you with a +0 short sword.
You die...

### ### ###
#@#####.####.#
#.K..........#
#.###...####.#
#.# #...####.#
#.#
#.....##.#####
#.#
#.#..........#
#.#
#.#.#.##..####
#.#
#.#.#.......#
#.
#.#.#.###.#.#


You could see a kobold.

Vanquished Creatures
  A hobgoblin (D:1)
  A bat (D:1)
2 creatures vanquished.

Notes
Turn   | Place    | Note
-------+----------+-------------------------------------------
     0 | D:1      | DogServant the Draconian Conjurer began the quest for the
                  | Orb.
     0 | D:1      | Reached XP level 1. HP: 14/14 MP: 3/3
    78 | D:1      | Slain by a kobold

Illustrated notes

Levels and vault maps discovered:
D:1:      minmay_arrival_stair_chambers, layout_basic, serial_corexii_hall,
          chequers_hall_statues_corner_a, chequers_hall_statues_wall_a

Action                   || total
-------------------------++-------
Melee: Unarmed           ||    15
       Tailslap          ||     2
 Cast: Magic Dart        ||     3
Armor: Skin              ||     8
Dodge: Dodged            ||    10

Table legend: (Time is in decaauts)
 A = Elapsed time spent in this place.
 B = Non-inter-level travel time spent in this place.
 C = Inter-level travel time spent in this place.
 D = Time resting spent in this place.
 E = Time spent auto-exploring this place.
 F = Levels seen in this place.
 G = Mean time per level.
                   A        B        C        D        E       F      G
               +--------+--------+--------+--------+--------+-----+--------+
         Total |     78 |     78 |      0 |      0 |     39 |   1 |   78.0 |
       Dungeon |     78 |     78 |      0 |      0 |     39 |   1 |   78.0 |
               +--------+--------+--------+--------+--------+-----+--------+

Top non-repeatable levels by time:
     D:1: 78 daAuts
